AoeStats
← Altruistic-Dog7979

Black Forest

510944443Analyzed
4v4 RM · 20h ago on Oct 3, 2026· 76m 36s· 8 players
Game mode
Random Map
Map size
Large (8 player)
Population
200
Speed
Normal
Resources
Standard
Victory
Conquest
Starting age
Dark Age
Ending age
Imperial Age
RankedLock teamsTeams togetherTeam positionsShared explorationLock speedFull tech treeHidden civsTurbo modeCheats
Victory
Defeat
🇹🇼 Saxons · Taiwan
987
+14
🇨🇳 Huns · China
971
+15
🇨🇭 Malians · Switzerland
953
+16
🇹🇷 Franks · Türkiye
909
+18
🇲🇽 Teutons · Mexico
1081
-21
🇪🇨 Tatars · Ecuador
920
-15
🇨🇴 Bohemians · Colombia
920
-41
🇨🇴 Saxons · Colombia
869
-12
tosunpaşa
0:41 Loom
13:55 Feudal Age
14:55 Double-Bit Axe
18:06 Wheelbarrow
20:15 Castle Age
18:07 Town Watch
22:02 Hand Cart
23:18 Town Patrol
24:53 Gold Mining
24:55 Stone Mining
29:30 Fervor
30:54 Bow Saw
33:20 Gold Shaft Mining
32:59 Husbandry
35:13 Ordonnance Companies
36:23 Treadmill Crane
36:41 Murder Holes
36:57 Fortified Wall
37:40 Forging
37:42 Scale Barding Armor
38:48 Masonry
39:12 Caravan
40:04 Ballistics
43:06 Imperial Age
43:11 Cavalier
44:26 Coinage
45:01 Conscription
44:42 Chivalry
45:18 Hoardings
44:03 Elite Throwing Axeman
45:22 Architecture
45:54 Chemistry
46:13 Chain Barding Armor
46:28 Iron Casting
47:45 Banking
47:40 Siege Engineers
47:19 Paladin
49:41 Plate Barding Armor
50:25 Blast Furnace
50:49 Light Cavalry
53:52 Illumination
54:16 Theocracy
55:30 Scale Mail Armor
55:31 Padded Archer Armor
65:13 Chain Mail Armor
65:15 Leather Archer Armor
71:58 Onager
Sampling
9:23 Feudal Age
9:58 Double-Bit Axe
9:54 Horse Collar
18:45 Castle Age
16:55 Gold Mining
17:02 Stone Mining
18:29 Wheelbarrow
17:39 Loom
20:05 Bow Saw
21:11 Heavy Plow
25:56 Imperial Age
24:47 Scale Mail Armor
25:39 Forging
27:04 Hand Cart
27:35 Chain Mail Armor
30:03 Plate Mail Armor
31:26 Iron Casting
32:21 Fletching
32:53 Elite Gbeto
33:54 Conscription
34:04 Ballistics
33:55 Masonry
33:44 Herbal Medicine
33:36 Arson
33:52 Squires
35:03 Stone Shaft Mining
34:45 Treadmill Crane
37:00 Gold Shaft Mining
36:57 Crop Rotation
36:14 Town Watch
38:32 Chemistry
38:03 Architecture
37:46 Bodkin Arrow
39:30 Fervor
39:17 Murder Holes
39:33 Fortified Wall
39:13 Guard Tower
38:47 Pikeman
39:29 Town Patrol
40:13 Tigui
40:48 Hoardings
41:58 Padded Archer Armor
42:03 Scale Barding Armor
41:22 Man-at-Arms
45:53 Keep
51:35 Long Swordsman
52:37 Two-Handed Swordsman
53:41 Champion
57:30 Caravan
57:43 Guilds
73:31 Chain Barding Armor
73:27 Leather Archer Armor
poi
0:46 Loom
12:44 Feudal Age
18:55 Castle Age
17:30 Double-Bit Axe
18:03 Horse Collar
27:20 Bow Saw
27:58 Heavy Plow
34:41 Imperial Age
32:50 Wheelbarrow
32:01 Town Watch
32:55 Man-at-Arms
34:06 Hand Cart
33:59 Scale Mail Armor
34:39 Long Swordsman
35:05 Gambesons
35:20 Squires
34:41 Pikeman
35:04 Capped Ram
35:33 Two-Handed Swordsman
36:43 Forging
38:24 Halberdier
39:50 Chain Mail Armor
40:10 Iron Casting
42:24 Conscription
43:34 Shield Wall
45:34 Caravan
45:22 Elite Varangian Guard
48:52 Plate Mail Armor
49:54 Crop Rotation
55:22 Champion
57:02 Stone Mining
57:03 Gold Mining
68:03 Two-Man Saw
71:04 Siege Ram
hold up
0:34 Loom
14:32 Feudal Age
19:03 Castle Age
16:57 Horse Collar
17:08 Double-Bit Axe
18:12 Gold Mining
18:18 Stone Mining
20:33 Wheelbarrow
22:31 Bow Saw
23:27 Heavy Plow
26:34 Gold Shaft Mining
26:52 Fervor
26:47 Caravan
30:47 Imperial Age
29:49 Hand Cart
29:19 Town Watch
30:01 Fletching
30:15 Padded Archer Armor
30:14 Murder Holes
30:31 Masonry
32:53 Ballistics
33:34 Chemistry
32:34 Bodkin Arrow
33:16 Forging
33:12 Scale Barding Armor
34:04 Conscription
33:47 Marauders
35:27 Chain Barding Armor
35:42 Iron Casting
34:59 Elite Tarkan
35:51 Bloodlines
35:49 Husbandry
37:19 Plate Barding Armor
38:42 Blast Furnace
39:50 Bracer
40:06 Leather Archer Armor
40:16 Thumb Ring
47:08 Parthian Tactics
46:03 Heavy Cavalry Archer
47:19 Elite Skirmisher
47:21 Light Cavalry
50:01 Hussar
51:21 Squires
51:07 Arson
50:43 Pikeman
50:43 Man-at-Arms
51:31 Scale Mail Armor
53:21 Halberdier
53:22 Long Swordsman
XxpechugaxX
10:53 Feudal Age
14:50 Castle Age
15:06 Double-Bit Axe
16:00 Bow Saw
18:10 Horse Collar
19:08 Wheelbarrow
19:30 Heavy Plow
23:05 Hand Cart
22:55 Stone Mining
22:55 Gold Mining
23:28 Hand Cart
23:08 Gold Mining
23:37 Town Watch
26:31 Stone Shaft Mining
25:44 Loom
26:20 Town Patrol
26:39 Masonry
30:29 Imperial Age
27:52 Loom
28:27 Scale Barding Armor
28:32 Forging
28:29 Squires
29:59 Bloodlines
30:10 Chain Barding Armor
30:41 Iron Casting
32:19 Two-Man Saw
31:59 Crop Rotation
31:01 Cavalier
32:23 Plate Barding Armor
32:23 Siege Engineers
33:36 Blast Furnace
32:57 Caravan
33:16 Paladin
34:42 Scale Mail Armor
34:52 Capped Ram
36:33 Guilds
37:00 Chain Mail Armor
37:36 Conscription
40:44 Plate Mail Armor
40:53 Fletching
41:25 Ballistics
41:40 Coinage
41:53 Hoardings
40:39 Elite Teutonic Knight
43:25 Bodkin Arrow
44:34 Chemistry
44:45 Crenellations
51:12 Fortified Wall
54:20 Ironclad
62:59 Sappers
64:53 Onager
67:54 Padded Archer Armor
67:29 Elite Skirmisher
69:24 Leather Archer Armor
73:42 Ring Archer Armor
Oni.Huevitos
1:08 Loom
1:37 Loom
14:59 Feudal Age
19:24 Castle Age
18:22 Double-Bit Axe
21:05 Caravan
32:51 Fervor
32:32 Horse Collar
33:43 Wheelbarrow
33:37 Town Watch
33:55 Heavy Plow
38:28 Imperial Age
36:34 Hand Cart
35:46 Pikeman
36:27 Squires
36:12 Arson
37:18 Forging
37:39 Murder Holes
39:01 Gold Mining
39:03 Stone Mining
40:17 Chemistry
39:38 Ballistics
39:16 Halberdier
40:09 Bloodlines
39:59 Husbandry
41:26 Iron Casting
40:56 Scale Barding Armor
40:43 Fletching
40:53 Padded Archer Armor
40:54 Scale Mail Armor
41:42 Gold Shaft Mining
41:46 Conscription
41:54 Silk Armor
41:34 Elite Skirmisher
59:00 Bodkin Arrow
59:21 Leather Archer Armor
Altruistic-Dog7979
1:58 Loom
13:23 Feudal Age
18:28 Castle Age
16:49 Double-Bit Axe
25:30 Horse Collar
35:03 Imperial Age
35:08 Wheelbarrow
35:51 Chemistry
37:01 Houfnice
39:05 Hand Cart
39:45 Town Watch
44:46 Conscription
53:42 Bow Saw
55:40 Scale Mail Armor
55:41 Padded Archer Armor
∞|JasperJordan
12:20 Feudal Age
15:38 Wheelbarrow
18:10 Castle Age
16:37 Horse Collar
16:44 Double-Bit Axe
19:10 Heavy Plow
19:24 Bow Saw
23:14 Town Watch
23:54 Stone Mining
23:59 Loom
25:55 Gold Mining
27:38 Scale Mail Armor
27:48 Forging
29:26 Gold Shaft Mining
31:19 Chain Mail Armor
31:32 Hand Cart
33:45 Iron Casting
36:49 Imperial Age
36:30 Fletching
36:30 Clerical Recruitment
39:15 Plate Mail Armor
39:35 Ballistics
38:55 Treadmill Crane
40:16 Chemistry
39:14 Man-at-Arms
39:41 Gambesons
39:56 Squires
39:41 Gambesons
39:42 Arson
39:59 Long Swordsman
40:52 Elite Varangian Guard
42:18 Conscription
41:21 Shield Wall
41:52 Two-Handed Swordsman
43:49 Two-Man Saw
43:30 Crop Rotation
46:48 Siege Engineers
49:35 Champion
51:25 Hoardings
52:36 Onager
54:26 Murder Holes
54:43 Masonry
55:01 Bodkin Arrow
55:41 Bracer
57:32 Pikeman
59:18 Halberdier
64:15 Architecture
Connection lost

Rejoining the realm…

Still unreachable

The connection could not be restored.

Session expired

The server has moved on; the page needs a fresh start.